 Dungeon Crawl Stone Soup version 0.22.1-2-g9c5b331383 (webtiles) character file.

132 Ihlosi the Slasher (level 5, -8/40 HPs)
             Began as a Human Gladiator on Nov 20, 2018.
             Killed by divine providence
             ... invoked by an orc priest
              (16 damage)
             ... on level 3 of the Dungeon.
             The game lasted 00:04:23 (2036 turns).

Ihlosi the Slasher (Human Gladiator)                Turns: 2036, Time: 00:04:23

Health: -8/40      AC:  5    Str: 12 (14) XL:     5   Next: 38%
Magic:  5/5        EV: 19    Int:  9      God:
Gold:   95         SH:  0    Dex: 19 (20) Spells: 4/4 levels left

rFire    . . .     SeeInvis .   a - +0 long sword
rCold    . . .     Gourm    .   (no shield)
rNeg     . . .     Faith    .   b - +0 leather armour
rPois    .         Spirit   .   c - +0 helmet
rElec    .         Reflect  .   (no cloak)
rCorr    .         Harm     .   j - +0 pair of gloves
MR       .....                  (no boots)
Stlth    +++.......             (no amulet)
HPRegen  0.13/turn              (no ring)
MPRegen  0.09/turn              (no ring)

@: agile, about to teleport
A: no striking features
a: no special abilities


You were on level 3 of the Dungeon.
You were not hungry.

You visited 1 branch of the dungeon, and saw 3 of its levels.

You collected 95 gold pieces.

Inventory:

Hand Weapons
 a - a +0 long sword (weapon)
Missiles
 d - 3 throwing nets (quivered)
 k - 19 bolts
Armour
 b - a +0 leather armour (worn)
 c - a +0 helmet (worn)
 j - a +0 pair of gloves (worn)
Scrolls
 e - a scroll of teleportation
 i - a scroll of identify
 l - a scroll of remove curse {unknown}
 n - a scroll of immolation {unknown}
 p - a scroll of amnesia {unknown}
Potions
 g - a potion of degeneration
 m - a potion of resistance
Comestibles
 f - 2 rations
 h - a chunk of flesh


   Skills:
 * Level 2.9 Fighting
 + Level 4.0 Long Blades
 - Level 2.0 Throwing
 * Level 2.0 Armour
 + Level 3.4 Dodging
 - Level 1.0 Stealth


You had 4 spell levels left.
You didn't know any spells.
Your spell library contained the following spells:

 Spells                   Type           Power        Failure   Level  Hunger
 Summon Small Mammal      Summ           #...         45%         1    ##.....
 Call Imp                 Summ           #.......     61%         2    ###....
 Call Canine Familiar     Summ           #.......     83%         3    ####...
 Summon Guardian Golem    Hex/Summ       #.......     83%         3    ####...
 Summon Ice Beast         Ice/Summ       #.......     99%         4    #####..
 Summon Lightning Spire   Summ/Air       #.......     99%         4    #####..


Dungeon Overview and Level Annotations

Branches:
Dungeon (3/15)

Altars:
Makhleb
Nemelex Xobeh
Trog
Uskayaw
Xom
Zin


Message History

Your Armour skill increases to level 2!
The orc hits you with a flail. The orc misses you.
You see here a mace.
You hit the orc.
The orc is moderately wounded.
The orc hits you but does no damage.
The orc hits you from afar with a trident.
You slash the orc!
You kill the orc!
The orc completely misses you.
The orc priest mumbles some strange prayers to Beogh against you.
Beogh smites you!
* * * LOW HITPOINT WARNING * * *
Unknown command.
As you read the scroll labeled BIBUOSO VUWNEM, it crumbles to dust.
You feel strangely unstable.
It was a scroll of teleportation.
The orc misses you. The orc hits you but does no damage.
The orc priest invokes the aid of Beogh against you.
Beogh smites you!
You die... #..... ..... #.....# .o?. #.....# ...### #.....# o... +.....+ oo#

#.....# ###.#
#.....#
##.oo####.....####
+..o.oo@......<..#
##.#####......##.#
#.#####.#######.##
#......†# #..####
######### ##....#
#....# #....#
##...# #...#


You could see an orc priest and 4 orcs.

Vanquished Creatures
  An orc priest (D:3)
  2 adders (D:2)
  A gnoll (D:1)
  2 oozes (D:1)
  A worm (D:2)
  A dart slug (D:2)
  3 leopard geckos (D:2)
  2 orcs (D:3)
  6 bats
  4 giant cockroaches
  8 goblins
  5 hobgoblins
  6 kobolds
  A quokka (D:2)
  6 frilled lizards
  9 rats
58 creatures vanquished.

Notes
Turn   | Place    | Note
-------+----------+-------------------------------------------
     0 | D:1      | Ihlosi the Human Gladiator began the quest for the Orb.
     0 | D:1      | Reached XP level 1. HP: 16/16 MP: 1/1
   142 | D:1      | Reached XP level 2. HP: 20/22 MP: 2/2
   182 | D:1      | Reached XP level 3. HP: 10/27 MP: 3/3
   469 | D:1      | Reached skill level 1 in Stealth
   521 | D:1      | Reached skill level 1 in Armour
   802 | D:2      | Reached XP level 4. HP: 27/34 MP: 4/4
  1927 | D:3      | Found a sparkling altar of Nemelex Xobeh.
  1927 | D:3      | Found a bloodstained altar of Trog.
  1928 | D:3      | Found a glowing silver altar of Zin.
  1928 | D:3      | Found a shimmering altar of Xom.
  1929 | D:3      | Found a burning altar of Makhleb.
  1930 | D:3      | Found a hide-covered altar of Uskayaw.
  1998 | D:3      | Reached XP level 5. HP: 36/39 MP: 5/5
  2025 | D:3      | Reached skill level 4 in Long Blades
  2036 | D:3      | Killed from afar by an orc priest

Skill      XL: |  1  2  3  4  5 |
---------------+----------------+-----
Stealth        | 1 |  1.0
Armour         | 1 2 |  2.0
Long Blades    | 4 |  4.0
Fighting       | |  2.9
Throwing       | |  2.0
Dodging        | |  3.4

Action                   |  1- 3 |  4- 6 || total
-------------------------+-------+-------++-------
Melee: Long sword        |    62 |   108 ||   170
Throw: Throwing net      |     2 |     3 ||     5
  Use: Potion            |       |     4 ||     4
       Scroll            |       |     3 ||     3
 Stab: Distracted        |     1 |       ||     1
       Sleeping          |     1 |     1 ||     2
  Eat: Ration            |       |     1 ||     1
       Chunk             |       |     1 ||     1
Armor: Leather armour    |    21 |    38 ||    59
Dodge: Dodged            |    42 |   101 ||   143
       Rpst.: Long sword |    14 |    34 ||    48
